 Dungeon Crawl Stone Soup version 0.31.0-11-ge490571c62 (webtiles) character file.

Game seed: 10253828885035300759

168 qw the Shooter (level 5, -1/26 HPs)
             Began as a Spriggan Hunter on Feb 5, 2024.
             Slain by an orc
             ... wielding a +0 hand axe
              (3 damage)
             ... on level 3 of the Dungeon.
             The game lasted 00:01:13 (1666 turns).

qw the Shooter (Spriggan Hunter)                    Turns: 1666, Time: 00:01:14

Health: -1/26      AC:  2    Str:  7    XL:     5   Next: 24%
Magic:  6/6        EV: 20    Int: 10    God:
Gold:   44         SH:  0    Dex: 21    Spells: 4/4 levels left

rFire   . . .        a - +0 shortbow
rCold   . . .        (shield currently unavailable)
rNeg    . . .        c - +0 robe
rPois   .            (helmet restricted)
rElec   .            (no cloak)
rCorr   .            (gloves unavailable)
SInv    +            (boots unavailable)
Will    .....        (no amulet)
Stlth   ++           (no ring)
HPRegen 0.24/turn    (no ring)
MPRegen 0.10/turn

%: no passive effects
@: very quick
A: very small, no large weapons, unfitting armour, see invisible, speed 3
a: no special abilities


You were on level 3 of the Dungeon.
You visited 1 branch of the dungeon, and saw 3 of its levels.

You collected 44 gold pieces.


Innate Abilities, Weirdness & Mutations

You are very small and have problems with some larger weapons.
You are too small for most types of armour.
You have supernaturally acute eyesight. (SInv)
You cover ground extremely quickly. (Speed+++)


   Skills:
 - Level 2.0 Fighting
 + Level 5.5 Ranged Weapons
 - Level 5.0 Dodging
 - Level 1.5 Stealth


You had 4 spell levels left.
You didn't know any spells.
Your spell library was empty.

Inventory:

Hand Weapons
 a - a +0 shortbow (weapon)
Armour
 c - a +0 robe (worn)
Jewellery
 b - a +5 ring of evasion
Potions
 d - a potion of magic {unknown}
 e - a potion of heal wounds {unknown}
 f - 2 potions of might
 g - a potion of lignification {unknown}
 h - a potion of curing {unknown}

Dungeon Overview and Level Annotations

Branches:
Dungeon (3/15)

Altars:


Message History

The ribbon worm is heavily wounded.
The orc completely misses you. x2
You shoot an arrow. The arrow hits the ribbon worm.
The ribbon worm is heavily wounded.
The ribbon worm barely misses you. The orc hits you with a +0 club.
The orc completely misses you.
You shoot an arrow. The arrow hits the ribbon worm.
The ribbon worm is severely wounded.
The orc misses you. The orc hits you with a +0 hand axe.
The ribbon worm barely misses you.
You shoot an arrow. The arrow hits the ribbon worm!
You kill the ribbon worm!
The orc closely misses you. The orc hits you with a +0 mace.
The orc completely misses you. x2; The orc misses you.
The orc hits you with a +0 club.
You shoot an arrow. The arrow hits the orc.
The orc is moderately wounded.
The orc misses you. The orc completely misses you. The orc closely misses you.
You shoot an arrow. The arrow hits the orc!
You kill the orc!
The orc misses you. x2
You shoot an arrow. The arrow hits the orc.
The orc is heavily wounded.
The orc closely misses you. The orc misses you.
You shoot an arrow. The arrow barely misses the orc.
The orc hits you with a +0 mace. The orc hits you with a +0 hand axe.
You shoot an arrow. The arrow closely misses the orc.
The orc hits you with a +0 mace. The orc hits you with a +0 hand axe.
You shoot an arrow. The arrow closely misses the orc.
The orc closely misses you. The orc misses you.
You shoot an arrow. The arrow barely misses the orc.
The orc completely misses you. The orc misses you. The orc closely misses you.
The orc hits you with a +0 hand axe.
You shoot an arrow. The arrow hits the orc.
You kill the orc!
The orc closely misses you.
You shoot an arrow.
The arrow hits the orc but does no damage.
The orc hits you with a +0 hand axe.
You die...

## #.......#
#.......##########
.###................#
...................#
#..............<..#
#................#
#..))............#
#..o@............#
#..).............#
########.........#
#.........#
#[........#
###########


You could see an orc.

Vanquished Creatures
  An orc priest (D:3)
  3 gnolls (D:2)
  5 adders
  A dart slug (D:3)
  2 ribbon worms
  3 orcs (D:3)
  8 endoplasms
  2 giant cockroaches
  4 hobgoblins
  4 jackals (D:1)
  5 kobolds
  A quokka (D:1)
  2 ball pythons (D:1)
  7 bats
  3 frilled lizards
  2 goblins (D:1)
  3 rats (D:2)
56 creatures vanquished.

Notes
Turn   | Place    | Note
-------+----------+-------------------------------------------
     0 | D:1      | qw the Spriggan Hunter began the quest for the Orb.
     0 | D:1      | Reached XP level 1. HP: 10/10 MP: 2/2
     0 | D:1      | 0 ||| qw: Version: 0.3-a-160-g6735b56
     0 | D:1      | 0 ||| qw: Game counter: 6530
     0 | D:1      | 0 ||| qw: Melee chars always use a shield: true
     0 | D:1      | 0 ||| qw: God list: Okawaru
     0 | D:1      | 0 ||| qw: Allow faded altars: false
     0 | D:1      | 0 ||| qw: Do Orc after clearing Dungeon:15 true
     0 | D:1      | 0 ||| qw: Do second Lair branch before Depths: true
     0 | D:1      | 0 ||| qw: Lair rune preference: random
     0 | D:1      | 0 ||| qw: Goals: Normal
     0 | D:1      | 0 ||| PLANNING D:1-11
    26 | D:1      | Reached skill level 3 in Dodging
    91 | D:1      | Reached XP level 2. HP: 14/14 MP: 3/3
   648 | D:1      | 648 ||| READING scroll labelled UWEGIN VIALLE.
   649 | D:1      | 649 ||| READING scroll labelled SOAPPO QYSHROEC.
   652 | D:1      | 652 ||| READING scroll labelled KEYTAOS PEZXEF.
   653 | D:1      | 653 ||| DROPPING scroll of butterflies.
   725 | D:2      | Reached XP level 3. HP: 18/18 MP: 4/4
   821 | D:2      | 821 ||| DROPPING +1 sling of draining.
   885 | D:2      | 885 ||| RETREEEEATING.
   938 | D:2      | Reached XP level 4. HP: 17/22 MP: 5/5
   939 | D:2      | HP: 5/22 [gnoll/+0 flail (7)]
  1540 | D:2      | 1540 ||| READING scroll labelled PIACSODYTEN.
  1541 | D:2      | 1541 ||| READING scroll labelled ELLUFRECUE.
  1542 | D:2      | 1542 ||| DRINKING 3 golden potions.
  1588 | D:3      | 1588 ||| STAIRDANCE
  1606 | D:3      | 1606 ||| STAIRDANCE
  1647 | D:3      | Reached XP level 5. HP: 16/26 MP: 6/6
  1662 | D:3      | HP: 4/26 [orc/+0 hand axe (3)]
  1666 | D:3      | Slain by an orc

Levels and vault maps discovered:
D:1:      elethiomel_arrival_maze, layout_rooms, minmay_misc_feat_iff,
          minmay_tetromino_i2
D:2:      layout_loops_ring
D:3:      layout_rooms, uniq_robin

Skill      XL: |  1  2  3  4 |
---------------+-------------+-----
Dodging        | 3 4 5 |  5.0
Ranged Weapons | 5 |  5.5
Fighting       | 2 |  2.0
Stealth        | |  1.5

Action                     |  1- 3 |  4- 6 || total
---------------------------+-------+-------++-------
   Fire: Shortbow          |    83 |    90 ||   173
    Use: Scroll            |     3 |     2 ||     5
         Potion            |       |     1 ||     1
 Armour: Robe              |    14 |    24 ||    38
  Dodge: Dodged            |    37 |    48 ||    85

Table legend:
 A = Non-vault XP
 B = Vault XP
 C = Vault XP percentage of total XP
 D = Non-vault monster count
 E = Vault monster count
 F = Vault count percentage of total count
                 A         B        C        D         E       F
            +---------+---------+-------+---------+---------+-------
      Total |     238 |       3 |   1.2 |      54 |       2 |   3.6
            +---------+---------+-------+---------+---------+-------
        D:1 |      37 |       3 |   7.5 |      21 |       2 |   8.7
        D:2 |     128 |       0 |   0.0 |      25 |       0 |   0.0
        D:3 |      73 |       0 |   0.0 |       8 |       0 |   0.0
            +---------+---------+-------+---------+---------+-------
